 Dungeon Crawl Stone Soup version 0.15.1-1-gfacfea3 (webtiles) character file.

42807 Johnny the Frost Mage (level 13, 0/107 HPs)
             Began as a Demigod Ice Elementalist on Sept 26, 2014.
             Slain by an ice dragon (3 damage)
             ... on Level 5 of the Lair of Beasts.
             The game lasted 01:24:27 (23685 turns).

Johnny the Frost Mage (Demigod Ice Elementalist)   Turns: 23685, Time: 01:24:27

HP   0/107       AC 14     Str 13      XL: 13   Next: 50%
MP  22/31        EV 13     Int 28      God:
Gold 1004        SH  0     Dex 20      Spells:  4 memorised,  9 levels left

rFire  . . .     SeeInvis .     g - +5 mace (protect)
rCold  . . .     Clarity  .     l - +0 ring mail (curse)
rNeg   . . .     rCorr    .     (no shield)
rPois  .         rRot     .     q - +0 helmet
rElec  .         Spirit   .     h - +0 cloak (curse)
SustAb .         Warding  .     j - +0 pair of gloves
rMut   +         Stasis   .     (no boots)
Gourm  .                        F - amulet of resist mutation
MR     ++...                    n - ring of protection from magic
                                s - +5 ring of intelligence

@: exhausted, very slightly contaminated, slowed, very slow, very resistant to
hostile enchantments, fairly stealthy
A: no striking features
a: no special abilities


You were on level 5 of the Lair of Beasts.
You were near starving.

You visited 2 branches of the dungeon, and saw 17 of its levels.

You collected 1116 gold pieces.
You spent 112 gold pieces at shops.

Inventory:

Hand weapons
 g - a +5 mace of protection (weapon)
Armour
 h - a cursed +0 cloak (worn)
 j - a +0 pair of gloves (worn)
 l - a cursed +0 ring mail (worn)
 q - a +0 helmet (worn)
Magical devices
 y - a wand of fire (0)
 M - a wand of frost (6)
 P - a wand of flame (5)
 V - a wand of random effects (11)
 W - a wand of frost (10)
Comestibles
 m - 7 bread rations
 p - a beef jerky
 r - 2 chunks of blink frog flesh
 A - 7 slices of pizza
 B - 2 meat rations
Scrolls
 c - a scroll of immolation
 d - 6 scrolls of amnesia
 i - 7 scrolls of remove curse
 t - 6 scrolls of recharging
 u - a scroll of enchant weapon
 v - 3 scrolls of magic mapping
 w - a scroll of enchant armour
 I - a scroll of noise
 R - a scroll of fog
Jewellery
 k - an uncursed ring of stealth
 n - a ring of protection from magic (right hand)
 s - a +5 ring of intelligence (left hand)
 D - a cursed +3 ring of slaying
 F - an amulet of resist mutation (around neck)
 J - an uncursed ring of flight
 K - a cursed ring of fire
 O - an uncursed ring of protection from cold
 Q - an uncursed ring of stealth
Potions
 a - 2 potions of might
 e - a potion of brilliance
 f - a potion of mutation
 o - 2 potions of berserk rage
 C - 3 potions of restore abilities
 G - a potion of degeneration {unknown}
 H - a potion of flight {unknown}
 N - a potion of invisibility {unknown}
Books
 b - a book of Frost

   Spells                             Type                      Level
   *Freeze                            Ice                          1
   Throw Frost                        Conjuration/Ice              2
   Ozocubu's Armour                   Charms/Ice                   3
   Throw Icicle                       Conjuration/Ice              4
   *Summon Ice Beast                  Ice/Summoning                4
   Condensation Shield                Ice                          4
 E - a book of Wizardry

   Spells                             Type                      Level
   Agony                              Necromancy                   5
   Force Lance                        Conjuration                  5
   Dispersal                          Translocation                6
   *Haste                             Charms                       6
   *Invisibility                      Hexes                        6
   Spellforged Servitor               Conjuration/Summoning        7
Magical staves
 L - an uncursed staff of cold


   Skills:
 * Level 7.9 Fighting
 + Level 5.1 Armour
 + Level 5.9 Dodging
 + Level 6.4 Stealth
 * Level 7.3 Spellcasting
   Level 0.8 Conjurations
 * Level 6.2 Hexes
 * Level 6.2 Charms
 * Level 8.1 Summonings
 * Level 9.1 Ice Magic
 + Level 4.3 Evocations


You had 9 spell levels left.
You knew the following spells:

 Your Spells              Type           Power        Failure   Level  Hunger
a - Freeze                Ice            ####         1%          1    None
b - Haste                 Chrm           #####...     80%         6    ######.
c - Summon Ice Beast      Ice/Summ       ######..     1%          4    ##.....
d - Invisibility          Hex            #####...     80%         6    ######.


Dungeon Overview and Level Annotations

Branches:
Dungeon (9/15)             Temple (0/1) D:4            Lair (8/8) D:9
  Swamp (0/5) Lair:4        Snake (0/5) Lair:3       Spider (0/5) Lair:5
  Slime (0/6) Lair:6
    Orc: D:9-12

Shops:
D:7 *

Annotations:
Lair:7 Uberwunderbarhen's ghost, powerful SpEn


Message History

You feel yourself slow down.
You are near starving!
The ice dragon breathes frost at you. The blast of cold hits you!
* * * LOW HITPOINT WARNING * * *
Your ice beast hits the ice dragon but does no damage.
Drink which item? (? for menu, Esc to quit)
Okay, then.
Read which item? (? for menu, Esc to quit)
As you read the scroll of fog, it crumbles to dust.
The scroll dissolves into smoke.
The ice dragon bites you but does no damage.
The ice dragon barely misses you. The ice dragon tramples you.
* * * LOW HITPOINT WARNING * * *
You stumble backwards!
The ice dragon bites you!
* * * LOW HITPOINT WARNING * * *
The ice dragon claws you but does no damage.
The ice dragon tramples you.
You die...

##......# ##........
#....P..## #.........
#.....##.# ##.........
#.....######.#........
#........PP.##.P...#.#
##.....§Y§.........###
#.....§§#§...Y....##
#......#§#....#...#
##..>@DY§§..Y###YY###
###...§##....#..§§.##
##....#....P..§§§.#.
#..............§§...
##..........#........
#......#....##....#..
##...........##..§...
#.............§.§§...
##P..........§§§.....


You could see an ice dragon and 2 friendly ice beasts.

Vanquished Creatures
  Fannar (Lair:1)
  A catoblepas (Lair:5)
  A lindwurm (Lair:8)
  5 elephants
  A black mamba (Lair:8)
  A spiny frog (Lair:3)
  A torpor snail (Lair:5)
  A komodo dragon (Lair:7)
  A two-headed ogre (D:8)
  6 blink frogs
  A wyvern (D:9)
  8 yaks
  A hungry ghost (D:5)
  Menkaure (D:4)
  6 water moccasins
  5 porcupines
  An ogre (D:5)
  A black bear (D:3)
  3 ice beasts
  2 orc warriors
  2 crocodiles
  Sigmund (D:2)
  5 giant frogs
  A scorpion (D:8)
  9 hounds
  2 crimson imps
  2 giant frog zombies
  2 orc priests
  2 orc wizards
  2 worker ants
  7 iguanas
  A quasit (D:7)
  Ijyb (D:4)
  An ogre zombie (D:5)
  A gnoll (D:7)
  31 green rats
  An orc skeleton (D:5)
  14 adders
  A shadow imp (D:7)
  A giant mite (D:7)
  2 white imps
  5 worms
  An adder skeleton (D:7)
  4 giant geckos
  18 orcs
  A ball python (D:4)
  6 bats
  A bat skeleton (D:7)
  7 giant cockroaches
  8 goblins
  16 hobgoblins
  12 quokkas
  4 giant newts
  4 jackals
  17 kobolds
  An orc zombie (D:7)
  A quokka skeleton (D:6)
  23 rats
  2 rat skeletons
  2 ballistomycetes (D:7)
  A fungus (D:9)
271 creatures vanquished.

Vanquished Creatures (collateral kills)
  Maud (Lair:5)
  5 hydras
  2 death yaks
  Nergalle (Lair:1)
  A catoblepas (Lair:8)
  9 elephants
  A torpor snail (Lair:5)
  A naga mage (Lair:3)
  4 black mambas
  7 komodo dragons
  2 fire drakes
  2 spiny frogs
  A troll (D:9)
  A polar bear (Lair:4)
  19 blink frogs
  2 basilisks
  2 trapdoor spiders (Lair:5)
  A hog (D:7)
  A human (D:7)
  2 wyverns
  3 vampire mosquitoes (D:7)
  A hungry ghost (D:8)
  27 yaks
  5 hippogriffs
  Edmund (D:7)
  3 porcupines
  6 wolves (Lair:4)
  8 water moccasins
  A phantom (D:8)
  2 sky beasts
  9 centaurs
  A necrophage (D:8)
  2 orc warriors
  3 ogres
  11 crocodiles
  Duvessa (D:7)
  A brain worm (Lair:6)
  8 giant frogs
  A yak skeleton (D:9)
  Dowan (D:7)
  2 goliath beetles
  2 hounds
  6 orc priests
  An iguana (Lair:3)
  3 orc wizards
  2 worker ants (D:8)
  3 sheep (D:7)
  A hound zombie (D:6)
  10 adders
  7 gnolls
  31 green rats
  A scorpion zombie (D:6)
  2 white imps (Lair:5)
  19 orcs
  2 jackals (D:7)
  2 bats
  A giant newt (D:7)
  A giant spore (D:7)
  A jackal skeleton (D:8)
  A kobold (D:4)
  3 quokkas
  A rat (D:9)
  A ballistomycete (D:7)
  A fungus (D:9)
  A plant (D:9)
265 creatures vanquished.

Vanquished Creatures (others)
  103 ice beasts
  A quokka (Lair:6)
  11 fungi
  2 plants
117 creatures vanquished.

Grand Total: 653 creatures vanquished

Notes
Turn   | Place    | Note
--------------------------------------------------------------
     0 | D:1      | Johnny, the Demigod Ice Elementalist, began the quest for the Orb.
     0 | D:1      | Reached XP level 1. HP: 14/14 MP: 3/3
   390 | D:1      | Reached XP level 2. HP: 14/22 MP: 1/5
  1351 | D:2      | Reached skill level 3 in Ice Magic
  1420 | D:2      | Reached skill level 1 in Fighting
  1521 | D:2      | Reached XP level 3. HP: 25/28 MP: 4/8
  1917 | D:2      | Noticed Sigmund
  1938 | D:2      | Killed Sigmund
  1938 | D:2      | Reached XP level 4. HP: 27/36 MP: 4/11
  2413 | D:2      | Learned a level 4 spell: Summon Ice Beast
  2542 | D:3      | Reached XP level 5. HP: 40/42 MP: 7/12
  2577 | D:3      | Reached skill level 1 in Armour
  2888 | D:3      | Found an iron altar of Okawaru.
  2890 | D:3      | Found a glowing golden altar of the Shining One.
  3090 | D:3      | Noticed a black bear
  3421 | D:3      | Found a basalt altar of Yredelemnul.
  3423 | D:3      | Found a blossoming altar of Fedhas.
  3574 | D:3      | Killed a black bear
  3574 | D:3      | Reached skill level 1 in Summonings
  3574 | D:3      | Reached XP level 6. HP: 42/50 MP: 7/15
  3719 | D:4      | Found a glowing golden altar of the Shining One.
  3726 | D:4      | Noticed Menkaure
  3753 | D:4      | Killed Menkaure
  4154 | D:4      | Found a glowing silver altar of Zin.
  4193 | D:4      | Noticed Ijyb
  4201 | D:4      | Killed Ijyb
  4201 | D:4      | Reached skill level 4 in Ice Magic
  4254 | D:4      | Found a staircase to the Ecumenical Temple.
  5083 | D:5      | Entered Level 5 of the Dungeon
  5105 | D:5      | Noticed a hungry ghost
  5138 | D:5      | Killed a hungry ghost
  5138 | D:5      | Reached XP level 7. HP: 53/57 MP: 0/18
  6348 | D:6      | Reached XP level 8. HP: 48/66 MP: 17/20
  6730 | D:6      | Reached skill level 5 in Ice Magic
  7036 | D:6      | Found a sparkling altar of Nemelex Xobeh.
  7703 | D:7      | Found a burning altar of Makhleb.
  7715 | D:7      | Found Thichiug's Assorted Antiques.
  7731 | D:7      | Bought a scroll of identify for 56 gold pieces
  7731 | D:7      | Bought a scroll of identify for 56 gold pieces
  7883 | D:7      | Noticed Edmund
  7892 | D:7      | Killed Edmund
  8019 | D:7      | Noticed Duvessa
  8020 | D:7      | Noticed Dowan
  8027 | D:7      | Killed Duvessa
  8032 | D:7      | Killed Dowan
  8817 | D:8      | Reached XP level 9. HP: 73/73 MP: 10/23
  8825 | D:8      | Reached skill level 5 in Fighting
  9572 | D:8      | Noticed a two-headed ogre
  9581 | D:8      | Killed a two-headed ogre
  9916 | D:9      | Reached skill level 5 in Spellcasting
  9917 | D:9      | Found a staircase to the Lair.
  9930 | D:9      | Reached skill level 6 in Ice Magic
 10040 | D:9      | Reached skill level 1 in Evocations
 10200 | D:9      | Reached skill level 5 in Summonings
 11001 | D:9      | Learned a level 6 spell: Haste
 11008 | D:9      | Learned a level 6 spell: Invisibility
 11389 | Lair:1   | Entered Level 1 of the Lair of Beasts
 11572 | Lair:1   | Noticed Nergalle
 11587 | Lair:1   | Killed Nergalle
 11587 | Lair:1   | Reached skill level 1 in Hexes
 11587 | Lair:1   | Reached XP level 10. HP: 56/83 MP: 3/25
 11816 | Lair:1   | Noticed a komodo dragon
 11826 | Lair:1   | Killed a komodo dragon
 11826 | Lair:1   | Reached skill level 1 in Charms
 11868 | Lair:1   | Noticed Fannar
 11886 | Lair:1   | Killed Fannar
 11886 | Lair:1   | Reached skill level 5 in Stealth
 13190 | Lair:2   | Reached skill level 7 in Ice Magic
 14141 | Lair:3   | Found a staircase to the Snake Pit.
 14141 | Lair:3   | Noticed a six-headed hydra
 14150 | Lair:3   | Killed a six-headed hydra
 14157 | Lair:3   | Reached skill level 5 in Dodging
 14394 | Lair:3   | Reached XP level 11. HP: 85/91 MP: 27/27
 14968 | Lair:4   | Found a staircase to the Swamp.
 16437 | Lair:5   | Noticed Maud
 16744 | Lair:5   | Found a hole to the Spider Nest.
 17012 | Lair:5   | Noticed a catoblepas
 17053 | Lair:5   | Killed a catoblepas
 17856 | Lair:5   | Noticed a five-headed hydra
 17865 | Lair:5   | Killed a five-headed hydra
 17970 | Lair:5   | Killed Maud
 18193 | Lair:5   | Noticed a five-headed hydra
 18201 | Lair:5   | Killed a five-headed hydra
 18946 | Lair:5   | Noticed an ice dragon
 19150 | Lair:6   | Reached XP level 12. HP: 94/100 MP: 20/29
 19385 | Lair:6   | Found a viscous altar of Jiyva.
 19395 | Lair:6   | Found a staircase to the Slime Pits.
 19413 | Lair:6   | Got a dazzling trident
 19414 | Lair:6   | Identified the +2 trident of the Trees {antimagic, rElec} (You found it on level 6 of the Lair of Beasts)
 19954 | Lair:7   | Noticed a five-headed hydra
 19964 | Lair:7   | Killed a five-headed hydra
 20089 | Lair:7   | Reached skill level 8 in Ice Magic
 20120 | Lair:7   | Reached skill level 5 in Charms
 20349 | Lair:7   | Reached skill level 5 in Armour
 20699 | Lair:7   | Reached skill level 5 in Hexes
 20758 | Lair:7   | Noticed Uberwunderbarhen's ghost (powerful SpEn)
 21684 | Lair:8   | Entered Level 8 of the Lair of Beasts
 21834 | Lair:8   | Noticed an eight-headed hydra
 21875 | Lair:8   | Killed an eight-headed hydra
 22128 | Lair:8   | Reached XP level 13. HP: 107/107 MP: 30/30
 22255 | Lair:8   | Reached skill level 9 in Ice Magic
 23685 | Lair:5   | HP: 3/107 [ice dragon (8)]
 23685 | Lair:5   | Slain by an ice dragon

Action                   |  1- 3 |  4- 6 |  7- 9 | 10-12 | 13-15 || total
-------------------------+-------+-------+-------+-------+-------++-------
Melee: Mace              |    74 |   101 |   327 |   361 |    24 ||   887
       Spear             |    10 |       |       |       |       ||    10
       Unarmed           |     7 |       |       |       |       ||     7
 Cast: Freeze            |    25 |    81 |    18 |    27 |    18 ||   169
       Summon Ice Beast  |       |     5 |    99 |   249 |    50 ||   403
 Abil: Evoke Flight      |       |       |       |     3 |       ||     3
Evoke: Wand              |       |       |     4 |    27 |     6 ||    37
  Use: Scroll            |     3 |     3 |    13 |    20 |     4 ||    43
       Potion            |     2 |       |     3 |    14 |     3 ||    22
 Stab: Sleeping          |       |     9 |    12 |     9 |       ||    30
       Distracted        |       |     1 |     3 |     9 |     1 ||    14
  Eat: Chunk             |     1 |     4 |    33 |    43 |     3 ||    84
       Bread ration      |     1 |     2 |       |       |       ||     3
       Beef jerky        |       |     1 |     2 |     3 |       ||     6
       Pizza             |       |       |     2 |       |       ||     2
       Fruit             |       |       |       |     6 |     2 ||     8
       Meat ration       |       |       |       |     1 |       ||     1
       Royal jelly       |       |       |       |       |     1 ||     1
